 Dungeon Crawl Stone Soup version 0.17.1-3-g152610e (webtiles) character file.

100 Gargoyl the Skirmisher (level 4, 0/37 HPs)
             Began as a Demonspawn Abyssal Knight on Mar 9, 2016.
             Was a Believer of Lugonu.
             Succumbed to an adder's poison
             ... on level 2 of the Dungeon.
             The game lasted 00:05:01 (1929 turns).

Gargoyl the Skirmisher (Demonspawn Abyssal Knight)  Turns: 1929, Time: 00:05:01

Health: 0/37       AC:  4    Str: 13    XL:     4   Next: 47%
Magic:  6/6        EV: 12    Int: 13    God:    Lugonu [**....]
Gold:   99         SH:  0    Dex: 10    Spells: 0 memorised, 3 levels left

rFire  + . .     SeeInvis .     a - +1 hand axe
rCold  . . .     Clarity  .     b - +1 leather armour
rNeg   . . .     SustAt   .     (no shield)
rPois  .         Gourm    .     (helmet restricted)
rElec  .         Spirit   .     (no cloak)
rCorr  .         Warding  .     (no gloves)
rMut   .         Stasis   .     (no boots)
MR     .....                    (no amulet)
Stlth  ++........               h - -3 ring of dexterity (curse)
                                g - +1 ring of evasion

@: lethally poisoned (0 -> -1), slowed, very slow, not resistant to hostile
enchantments, unstealthy
A: antennae 1, fire resistance 1, nightstalker 1
a: Depart the Abyss, Bend Space, Renounce Religion


You were on level 2 of the Dungeon.
You worshipped Lugonu.
Lugonu was pleased with you.
You were not hungry.

You visited 1 branch of the dungeon, and saw 2 of its levels.
You visited the Abyss 1 time.

You collected 99 gold pieces.

Inventory:

Hand Weapons
 a - a +1 hand axe (weapon)
Missiles
 k - 3 javelins (quivered)
Armour
 b - a +1 leather armour (worn)
Jewellery
 g - a +1 ring of evasion (left hand)
 h - a cursed -3 ring of dexterity (right hand)
 n - an uncursed ring of stealth
Wands
 d - a wand of slowing (0)
Scrolls
 e - 2 scrolls of magic mapping
 j - a scroll of identify
 l - a scroll of fog
Comestibles
 c - 2 bread rations
 f - 2 meat rations
 m - a royal jelly


   Skills:
 + Level 3.9 Fighting
 + Level 2.9 Axes
 + Level 2.0 Armour
 + Level 1.5 Dodging
 + Level 0.2 Stealth
 + Level 3.0 Invocations


You had 3 spell levels left.
You didn't know any spells.

Dungeon Overview and Level Annotations

Branches:
Dungeon (2/15)

Altars:
Ru


Innate Abilities, Weirdness & Mutations

You have a pair of small antennae on your head.
Your flesh is heat resistant.
You are slightly more attuned to the shadows.


Message History

You hit the adder.
The adder is severely wounded.
The adder bites you.
* * * LOW HITPOINT WARNING * * *
The adder bites you but does no damage. The adder barely misses you.
You closely miss the adder.
The adder is severely wounded.
The adder bites you.
* * * LOW HITPOINT WARNING * * *
The adder closely misses you.
You hit the adder.
You kill the adder!
Lugonu accepts your kill.
* * * LOW HITPOINT WARNING * * *
You feel sick.
Items here: ( )) ÷÷ †
* * * LOW HITPOINT WARNING * * *
You feel sick.
You see here a stone.
You die...

#(# #.# #(# #<#
#(# ##.##
#####...###
#.....(...#
#.##..@.#.###.#
......)......#
#.........###.#
######.#### ##(##
##...## #.....##
#....(..## .#
##......(####S..#


There were no monsters in sight!

Vanquished Creatures
  Robin (D:2)
  A river rat (D:2)
  2 adders
  3 oozes (D:1)
  A worm (D:1)
  A giant gecko (D:1)
  3 bats (D:1)
  A giant cockroach (D:1)
  15 goblins
  6 hobgoblins
  A jackal (D:2)
  5 kobolds
  A quokka (D:2)
  A ball python (D:1)
  A giant newt (D:2)
  2 rats (D:1)
45 creatures vanquished.

Vanquished Creatures (others)
  A goblin (D:2)
1 creature vanquished.

Grand Total: 46 creatures vanquished

Notes
Turn   | Place    | Note
--------------------------------------------------------------
     0 | Abyss:1  | Gargoyl the Demonspawn Abyssal Knight began the quest for the Orb.
     0 | Abyss:1  | Reached XP level 1. HP: 18/18 MP: 2/2
    45 | Abyss:1  | Noticed a tentacled starspawn
   101 | Abyss:2  | Noticed a brain worm
   101 | Abyss:2  | Noticed a crimson imp
   115 | Abyss:3  | Found a corrupted altar of Lugonu.
   130 | Abyss:3  | Noticed a thrashing horror
   131 | D:1      | Escaped the Abyss
   233 | D:1      | Reached * piety under Lugonu
   233 | D:1      | Reached skill level 1 in Dodging
   233 | D:1      | Gained mutation: You are slightly more attuned to the shadows. [demonic ancestry]
   233 | D:1      | Reached XP level 2. HP: 24/24 MP: 3/3
   717 | D:1      | Gained mutation: You have a pair of small antennae on your head. [demonic ancestry]
   717 | D:1      | Reached XP level 3. HP: 29/29 MP: 5/5
  1001 | D:2      | Found a sacrificial altar of Ru.
  1138 | D:2      | Noticed Robin
  1444 | D:1      | Reached ** piety under Lugonu
  1605 | D:1      | Gained mutation: Your flesh is heat resistant. [demonic ancestry]
  1605 | D:1      | Reached XP level 4. HP: 14/37 MP: 6/6
  1882 | D:2      | Killed Robin
  1924 | D:2      | HP: 1/37 [poisoned by an adder]
  1929 | D:2      | Succumbed to an adder's poison

Action                   |  1- 3 |  4- 6 || total
-------------------------+-------+-------++-------
Melee: Hand axe          |   114 |    32 ||   146
Throw: Javelin           |     5 |       ||     5
Invok: Depart the Abyss  |     1 |       ||     1
  Use: Scroll            |     5 |       ||     5
       Potion            |     1 |       ||     1
 Stab: Sleeping          |     1 |       ||     1
       Distracted        |     1 |       ||     1
  Eat: Chunk             |     2 |     2 ||     4
